 Dungeon Crawl Stone Soup version 0.30.0-29-ga12c61a403 (webtiles) character file.

Game seed: 555820248357824141

766 Libra00 the Ruffian (level 7, 0/70 HPs)
             Began as a Troll Fighter on June 14, 2023.
             Slain by a scorpion (3 damage)
             ... on level 5 of the Dungeon.
             The game lasted 00:06:13 (3288 turns).

Libra00 the Ruffian (Troll Fighter)                 Turns: 3288, Time: 00:06:14

Health: 0/70       AC:  5    Str: 27    XL:     7   Next: 52%
Magic:  6/6        EV:  9    Int:  4    God:
Gold:   274        SH:  8    Dex:  9    Spells: 6/6 levels left

rFire   . .          .
                       - Unarmed
rCold   . . .        b - +0 kite shield
rNeg    . . .        a - +0 robe
rPois   .            (helmet restricted)
rElec   .            k - +0 cloak
rCorr   .            (gloves unavailable)
SInv    .            (boots unavailable)
Will    .....        (no amulet)
Stlth   +            f - ring of flight
HPRegen 1.11/turn    (no ring)
MPRegen 0.10/turn

%: no passive effects
@: lethally poisoned (0 -> 0), flying
A: large, unfitting armour, claws 3, regeneration 1, shaggy fur 1, tough skin 1
a: no special abilities


You were on level 5 of the Dungeon.
You visited 1 branch of the dungeon, and saw 5 of its levels.

You collected 274 gold pieces.

Inventory:

Armour
 a - a +0 robe (worn)
 b - a +0 kite shield (worn)
 k - a +0 cloak (worn)
Jewellery
 f - a ring of flight (left claw)
 l - a ring of fire
 r - a ring of protection from fire
Scrolls
 h - a scroll of vulnerability {unknown}
 i - 2 scrolls of immolation {unknown}
 j - a scroll of fear {unknown}
 m - a scroll of poison {unknown}
 o - 3 scrolls of identify {unknown}
 q - 2 scrolls of enchant armour {unknown}
 s - a scroll of amnesia {unknown}
 t - a scroll of magic mapping {unknown}
Potions
 c - 2 potions of might
 d - 4 potions of curing {unknown}
 e - a potion of attraction {unknown}
 g - a potion of flight {unknown}
 n - a potion of lignification {unknown}
 p - 3 potions of cancellation {unknown}


   Skills:
 + Level 4.2 Fighting
 - Level 2.4 Dodging
 + Level 4.6 Shields
 * Level 6.2 Unarmed Combat


You had 6 spell levels left.
You didn't know any spells.
Your spell library was empty.

Dungeon Overview and Level Annotations

Branches:
Dungeon (5/15)
 Temple: D:4-7

Altars:

Annotations:
D:5 Dowan, Duvessa


Innate Abilities, Weirdness & Mutations

You are too large for most types of armour.
You have claws for hands.
Your natural rate of healing is unusually fast.
You are covered in fur. (AC +1)
You have tough skin. (AC +1)


Message History

You feel very sick. You block the scorpion's attack.
Dowan, Brother of Duvessa comes into view.
He is wielding a +0 dagger.
You closely miss Duvessa.
You feel very sick.
Dowan shouts!
You block the scorpion's attack. Duvessa hits you with a +0 rapier.
Dowan points at Duvessa and mumbles some strange words.
Duvessa seems to speed up.
You barely miss Duvessa.
You feel sick. Duvessa hits you with a +0 rapier!
The scorpion closely misses you.
You scratch Duvessa but do no damage.
You feel sick. You block Duvessa's attack. You block the scorpion's attack.
Duvessa hits you with a +0 rapier!
* * * LOW HITPOINT WARNING * * *
The scorpion stings you.
* * * LOW HITPOINT WARNING * * *
You mangle Duvessa!!
Duvessa is heavily wounded.
You feel sick. Duvessa closely misses you. You block the scorpion's attack.
You feel sick. Duvessa closely misses you.
You feel sick. Duvessa attacks as you move away! Duvessa barely misses you.
You feel sick. You block Duvessa's attack.
The scorpion attacks as you move away! You block the scorpion's attack.
You feel sick. Duvessa closely misses you. You block the scorpion's attack.
There is a stone staircase leading up here.
The scorpion attacks as you move away! The scorpion stings you.
* * * LOW HITPOINT WARNING * * *
You are more poisoned.
The scorpion poisons you!
You feel sick. Duvessa closely misses you.
Dowan hisses, "Insulting my beauty only makes me fight harder!"
You see here a hound corpse.
The scorpion attacks as you move away! The scorpion barely misses you.
You feel sick.
There is a stone staircase leading up here.
You feel sick. Duvessa hits you with a +0 rapier.
* * * LOW HITPOINT WARNING * * *
The scorpion stings you.
You die...

....##.# .# ##...
.##..#(##.#.....
...#....#......
..........##.#
....!...[....###
..##...e.†.#....#
. #####..<#.##.#
##se..#
#.@#......
#......##.!
#........#
#..........#
#..........#
#..........#
#............
#..........##


You could see Duvessa (fast), Dowan and a scorpion.

Vanquished Creatures
  An ice beast (D:5)
  2 ogres
  A scorpion (D:4)
  A howler monkey (D:5)
  4 hounds
  An iguana (D:4)
  An orc wizard (D:4)
  Robin (D:2)
  4 gnolls (D:4)
  7 adders
  A white imp (D:4)
  2 ufetubi (D:4)
  A worm (D:2)
  5 dart slugs
  14 orcs
  2 bats (D:1)
  4 endoplasms
  3 giant cockroaches
  15 goblins
  8 hobgoblins
  A quokka (D:4)
  5 ball pythons
  3 frilled lizards
  7 kobolds
  5 rats
99 creatures vanquished.

Notes
Turn   | Place    | Note
-------+----------+-------------------------------------------
     0 | D:1      | Libra00 the Troll Fighter began the quest for the Orb.
     0 | D:1      | Reached XP level 1. HP: 22/22 MP: 0/0
   202 | D:1      | Reached XP level 2. HP: 29/29 MP: 1/1
   231 | D:1      | Found a faded altar of an unknown god.
   750 | D:2      | Noticed Robin
   763 | D:2      | Reached XP level 3. HP: 36/36 MP: 2/2
   771 | D:2      | Killed Robin
   772 | D:2      | Reached skill level 3 in Unarmed Combat
  1103 | D:2      | Reached XP level 4. HP: 44/44 MP: 3/3
  1885 | D:3      | Reached XP level 5. HP: 53/53 MP: 4/4
  1970 | D:3      | Reached skill level 4 in Unarmed Combat
  2487 | D:4      | Noticed an ogre
  2510 | D:4      | Killed an ogre
  2548 | D:4      | Reached XP level 6. HP: 46/61 MP: 5/5
  2679 | D:4      | Reached skill level 5 in Unarmed Combat
  2987 | D:4      | Identified the +6 dagger of Midnight {heavy, rPois rC+
                  | Int-3 Stlth+}
  3166 | D:5      | Entered Level 5 of the Dungeon
  3178 | D:5      | Noticed an ice beast
  3186 | D:5      | Reached XP level 7. HP: 47/68 MP: 6/6
  3200 | D:5      | Reached skill level 6 in Unarmed Combat
  3272 | D:5      | Noticed Duvessa
  3277 | D:5      | Noticed Dowan
  3288 | D:5      | HP: 3/70 [Duvessa/+0 rapier (6)]
  3288 | D:5      | Slain by a scorpion

Illustrated notes

Levels and vault maps discovered:
D:1:      dpeg_arrival_tiny_i, layout_basic, ebering_ecumenical_altar_abandoned
D:2:      layout_loops_ring, uniq_robin
D:3:      layout_basic
D:4:      layout_cave_pools, grunt_ministairs_13
D:5:      layout_rooms, uniq_duvessa

Skill      XL: |  1  2  3  4  5  6  7 |
---------------+----------------------+-----
Shields        | 3 4 |  4.6
Unarmed Combat | 3 4 5 6 |  6.2
Fighting       | 3 4 |  4.2
Dodging        | |  2.4

Action                     |  1- 3 |  4- 6 |  7- 9 || total
---------------------------+-------+-------+-------++-------
  Melee: Unarmed           |   106 |   159 |    31 ||   296
   Stab: Sleeping          |       |     2 |       ||     2
 Armour: Robe              |    26 |    43 |    10 ||    79
  Dodge: Dodged            |    26 |    44 |    12 ||    82
  Block: Kite shield       |    17 |    54 |    21 ||    92
